 Dungeon Crawl Stone Soup version bcrawl-1.41.1 (webtiles) character file.

Game seed: 14690547205883512028

114617 Returnofthet the Grave Robber (level 4, 0/24 HPs)
             Began as a Vine Stalker Necromancer on Apr 23, 2024.
             Slain by a crimson imp (2 damage)
             ... on level 3 of the Dungeon.
             The game lasted 00:03:21 (2014 turns).

Returnofthet the Grave Robber (VSNe)                Turns: 2014, Time: 00:03:22

Health: 0/24       AC:  2    Str: 11    XL:     4   Next: 28%
Magic:  10/10      EV: 12    Int: 16    God:
Gold:   96         SH:  0    Dex: 14    Spells: 5/9 levels left

rFire    . . .     GDR:     26% a - +0 dagger (pain)
rCold    . . .     SeeInvis .   (no shield)
rNeg     . . .     Gourm    .   b - +0 robe
rPois    .         Faith    .   (no helmet)
rElec    .         Spirit   .   (no cloak)
rCorr    .         Reflect  .   (no gloves)
MR       .....                  (no boots)
Stlth    ++........             (no amulet)
HPRegen  0.54/turn              (no ring)
MPRegen  0.12/turn              (no ring)

@: no status effects
A: fangs 2, regeneration 1, no potion heal 3, rot immunity, strong jaws
a: no special abilities


You were on level 3 of the Dungeon.
You were near starving.

You visited 1 branch of the dungeon, and saw 3 of its levels.

You collected 96 gold pieces.

Inventory:

Hand Weapons
 a - a +0 dagger of pain (weapon)
Armour
 b - a +0 robe (worn)
Scrolls
 d - a scroll of blinking {unknown}
 f - a scroll of noise {unknown}
 g - a scroll of enchant weapon {unknown}
 h - a scroll of teleportation {unknown}
 i - a scroll of identify
 j - a scroll of amnesia {unknown}
 k - 3 scrolls of remove curse {unknown}
Potions
 c - a potion of curing {unknown}
 l - a potion of magic {unknown}
 n - a potion of degeneration {unknown}
Comestibles
 e - 8 rations {!d}


   Skills:
 + Level 2.2 Dodging
 + Level 3.3 Stealth
 * Level 3.4 Spellcasting
 * Level 4.8 Necromancy


You had 5 spell levels left.
You knew the following spells:

 Your Spells              Type           Power        Failure   Level  Hunger
a - Necrotize             Necr           ###...       2%          1    None
b - Vampiric Draining     Necr           ###.......   8%          3    ####...

Your spell library contained the following spells:

 Spells                   Type           Power        Failure   Level  Hunger
 Agony                    Necr           ###.....     24%         4    #####..
 Animate Dead             Necr           N/A          24%         4    #####..
 Dispel Undead            Necr           ###.....     56%         5    ######.


Dungeon Overview and Level Annotations

Branches:
Dungeon (3/12)

Altars:
Zin
The Shining One


Innate Abilities, Weirdness & Mutations

You have extremely sharp teeth.
Your natural rate of healing is unusually fast.
Potions cannot restore your health.
You are immune to rotting.
Your bites deal extra damage.


Message History

You hit the crimson imp but do no damage.
The crimson imp barely misses you.
Your giant cockroach zombie barely misses the crimson imp.
You barely miss the crimson imp. Your bite misses the crimson imp.
The crimson imp barely misses you.
Your giant cockroach zombie bites the crimson imp but does no damage.
You hit the crimson imp.
The crimson imp is lightly wounded.
The crimson imp puffs mist at you. The crimson imp breathes fire at you.
The flame tongue hits you!
Ouch! That really hurt!
* * * LOW HITPOINT WARNING * * *
Your giant cockroach zombie bites the crimson imp but does no damage.
You barely miss the crimson imp. The crimson imp misses you.
Your giant cockroach zombie bites the crimson imp.
You closely miss the crimson imp.
The crimson imp is lightly wounded.
The crimson imp hits you.
You die...

#### #.......# รท..#
#.......# .#
...###.......# ###.#
.<...........+ ..#.#
...###.......###.#.#
.................#.##
....######..........#
....# #..........##
....# #......@....#
..########.....Z5....#
................>....#
..#.....##...........#
..#.... #...........#
.... ##.##.#.###.#
...###.##.#.## .#
..............# .#
.....#........#


You could see a crimson imp and a friendly giant cockroach zombie.

Vanquished Creatures
  2 adders (D:3)
  A worm (D:2)
  3 dart slugs
  A leopard gecko (D:1)
  2 giant cockroaches
  9 goblins
  4 hobgoblins
  7 kobolds
  A quokka (D:3)
  3 bats
  4 frilled lizards
  2 rats (D:1)
39 creatures vanquished.

Vanquished Creatures (collateral kills)
  A worm (D:3)
  A dart slug (D:1)
2 creatures vanquished.

Grand Total: 41 creatures vanquished

Notes
Turn   | Place    | Note
-------+----------+-------------------------------------------
     0 | D:1      | Returnofthet the Vine Stalker Necromancer began the quest
                  | for the Orb.
     0 | D:1      | Reached XP level 1. HP: 10/10 MP: 4/4
   178 | D:1      | Reached XP level 2. HP: 14/15 MP: 3/6
   405 | D:1      | Reached XP level 3. HP: 14/19 MP: 1/8
   756 | D:2      | Found a glowing silver altar of Zin.
  1061 | D:2      | Learned a level 3 spell: Vampiric Draining
  1604 | D:2      | Found a glowing golden altar of the Shining One.
  1747 | D:3      | Reached XP level 4. HP: 21/24 MP: 4/9
  2012 | D:3      | HP: 1/24 [crimson imp/flame tongue (16)]
  2014 | D:3      | Slain by a crimson imp

Skill      XL: |  1  2  3 |
---------------+----------+-----
Spellcasting   | 3 |  3.4
Dodging        | |  2.2
Stealth        | |  3.3
Necromancy     | |  4.8

Action                   |  1- 3 |  4- 6 || total
-------------------------+-------+-------++-------
Melee: Dagger            |    30 |    87 ||   117
       Bite              |     2 |     6 ||     8
 Cast: Necrotize         |    57 |    12 ||    69
 Stab: Sleeping          |     1 |       ||     1
  Eat: Ration            |     1 |       ||     1
       Chunk             |       |     1 ||     1
Armor: Robe              |     6 |    13 ||    19
Dodge: Dodged            |    31 |    56 ||    87
